 Dungeon Crawl Stone Soup version 0.27.0-1-g7a089689b8 (webtiles) character file.

Game seed: 5686025591796798739

2801 sanka the Zephyrmancer (level 9, -6/88 HPs)
             Began as a Naga Air Elementalist on Aug 6, 2021.
             Killed by divine providence
             ... invoked by an orc priest
              (12 damage)
             ... on level 6 of the Dungeon.
             The game lasted 00:16:02 (8480 turns).

sanka the Zephyrmancer (Naga Air Elementalist)      Turns: 8480, Time: 00:16:03

Health: -6/88      AC:  6    Str: 11    XL:     9   Next: 71%
Magic:  10/15      EV: 10    Int: 18    God:
Gold:   354        SH:  0    Dex: 18    Spells: 2/16 levels left

rFire    + . .     SeeInvis +   p - +6 battleaxe
rCold    . . .     Faith    .   (shield currently unavailable)
rNeg     . . .     Spirit   .   r - +2 robe of the Trout {Regen+}
rPois    +         Reflect  .   (no helmet)
rElec    .         Harm     .   (no cloak)
rCorr    .         Rampage  .   (no gloves)
Will     +....                  (no barding)
Stlth    ++........             (no amulet)
HPRegen  1.24/turn              n - ring of protection from fire
MPRegen  0.14/turn              b - +6 ring of dexterity

@: about to teleport, very slow
A: AC +3, large, see invisible, deformed body, poison resistance, slowness 2,
spit poison 1, naga tail 1
a: Spit Poison


You were on level 6 of the Dungeon.
You visited 2 branches of the dungeon, and saw 7 of its levels.

You collected 354 gold pieces.


Innate Abilities, Weirdness & Mutations

Your serpentine skin is tough. (AC +3)
You have supernaturally acute eyesight. (SInv)
Armour fits poorly on your strangely shaped body.
Your system is resistant to poisons. (rPois)
You cover ground very slowly.
You can spit poison.
You have a snake-like lower body.


   Skills:
 - Level 8.0 Fighting
 - Level 1.5 Dodging
 - Level 3.0 Stealth
 - Level 4.0 Spellcasting
 - Level 1.0 Conjurations
 + Level 10.0 Air Magic


You had 2 spell levels left.
You knew the following spells:

 Your Spells              Type           Power      Damage    Failure   Level
x - Airstrike             Air            19%        N/A       2%          4
y - Storm Form            Tmut/Air       10%        N/A       100%        7
z - Shock                 Conj/Air       92%        1d8       1%          1
Z - Static Discharge      Conj/Air       23%        N/A       2%          2

Your spell library contained the following spells:

 Spells                   Type           Power      Damage    Failure   Level
 Blink                    Tloc           N/A        N/A       22%         2
 Sublimation of Blood     Necr           1%         N/A       22%         2
 Wereblood                Tmut           3%         N/A       22%         2
 Swiftness                Air            39%        N/A       1%          3
 Manifold Assault         Tloc           3%         N/A       99%         5
 Summon Hydra             Summ           1%         N/A       100%        7

Inventory:

Hand Weapons
 m - a +0 vampiric trident
 p - a +6 battleaxe (weapon)
 q - a +0 whip of electrocution
 v - a +2 morningstar of draining
 w - a +1 dagger of venom
Armour
 r - the +2 robe of the Trout (worn) {Regen+}

   Regen:     It increases your rate of health regeneration.
 s - a +0 helmet of intelligence
Jewellery
 b - a +6 ring of dexterity (right hand)
 n - a ring of protection from fire (left hand)
 x - a +4 ring of protection
Wands
 j - a wand of flame (9)
 k - a wand of polymorph (3)
 u - a wand of charming (10)
Scrolls
 c - a scroll of blinking {unknown}
 d - 3 scrolls of enchant weapon
 f - 5 scrolls of identify {@r1}
 o - 2 scrolls of teleportation {@r4}
Potions
 a - a potion of degeneration {unknown}
 e - 2 potions of flight {unknown}
 h - a potion of haste {unknown}
 i - a potion of ambrosia {unknown}
 l - 2 potions of lignification {unknown}
 t - a potion of attraction {unknown}

Dungeon Overview and Level Annotations

Branches:
Dungeon (6/15)             Temple (1/1) D:4

Altars:
Dithmenos
Elyvilon
Fedhas
Gozag
Hepliaklqana
Kikubaaqudgha
Makhleb
Nemelex Xobeh
Ru
Sif Muna
Trog
Wu Jian
Xom
Yredelemnul
Zin
The Shining One

▒....(.▒ ▒.o....▒
▒▒▒▒▒▒▒▒▒▒▒▒▒▒▒▒▒▒▒▒▒▒▒▒▒▒▒▒▒.▒
...........#....#.......)...▒.▒
).......)..'....'.......)...'.▒
)..........#....#...........▒'▒▒▒
▒▒▒▒▒▒▒▒▒▒▒▒'''g▒▒▒▒▒▒▒▒▒▒▒▒▒...▒
...............o............▒...▒
≈≈≈≈≈)≈≈)≈≈≈...oN≈≈≈≈≈≈≈≈≈≈≈▒▒▒▒▒
≈≈≈≈≈≈≈≈≈≈≈≈....≈≈≈≈≈≈≈≈≈≈≈≈≈≈≈≈≈
≈≈≈≈≈≈≈≈≈≈)≈....≈≈≈≈≈≈≈≈≈≈≈≈≈≈≈≈≈
.........)....................o..
.▒▒▒▒.▒▒▒▒▒▒▒.▒▒.▒▒▒▒▒...........
.▒▒▒▒.▒▒▒ ▒....▒ ▒▒.▒▒▒▒▒▒▒..
........▒ ▒▒▒▒.▒ ▒.▒ ▒..
▒▒▒▒▒▒..▒▒ ▒.▒ ▒.▒ ▒.▒ ▒▒...▒▒
▒.▒ ▒.▒ ▒.▒


You could see an orc warrior, a gnoll sergeant and an orc priest.


Message History

* * * LOW HITPOINT WARNING * * *
You enter the shallow water.
The orc priest calls down the wrath of Beogh upon you.
Pain shoots through your body!
* * * LOW HITPOINT WARNING * * *
The orc warrior hits you with a +0 mace!
* * * LOW HITPOINT WARNING * * *
The gnoll sergeant barely misses you.
As you read the scroll labelled FEFFOSCHEDA, it crumbles to dust.
It is a scroll of identify.
d - 3 scrolls of enchant weapon The orc priest closely misses you.
The orc warrior hits you with a +0 mace.
* * * LOW HITPOINT WARNING * * *
The gnoll sergeant hits you from afar with a +0 spear!
* * * LOW HITPOINT WARNING * * *
Unknown command.
Unknown command.
The orc priest hits you with a +0 hand axe.
* * * LOW HITPOINT WARNING * * *
The orc warrior hits you with a +0 mace!
* * * LOW HITPOINT WARNING * * *
The gnoll sergeant closely misses you.
Unknown command.
As you read the scroll labelled UNYNUT ALOXZIC, it crumbles to dust.
You feel strangely unstable.
It was a scroll of teleportation.
The orc priest invokes the aid of Beogh against you.
Beogh smites you!
You die...

Action                   |  1- 3 |  4- 6 |  7- 9 || total
-------------------------+-------+-------+-------++-------
Melee: Unarmed           |    10 |    10 |       ||    20
       Battleaxe         |       |     6 |    81 ||    87
 Cast: Shock             |    66 |    82 |   114 ||   262
       Static Discharge  |       |     5 |    28 ||    33
       Airstrike         |       |       |     4 ||     4
 Abil: Spit Poison       |    11 |     9 |    19 ||    39
Evoke: Wand              |       |       |     6 ||     6
  Use: Potion            |       |     1 |     1 ||     2
       Scroll            |       |       |     2 ||     2
Armor: Robe              |     5 |     1 |    46 ||    52
       Skin              |       |     2 |       ||     2
Dodge: Dodged            |    13 |    31 |   104 ||   148

Levels and vault maps discovered:
D:1:      onia_arrival_mini_maze_b, layout_basic,
          hellmonk_ecumenical_altar_watching_god, chequers_serial_rivers_large_a
D:2:      layout_rooms, serial_forest, infiniplex_forest_zigzag_1,
          infiniplex_forest_lined_3, infiniplex_forest_fountain,
          infiniplex_forest_clump_curved, infiniplex_forest_lined_2,
          infiniplex_forest_lined_room_, infiniplex_forest_zigzag_2,
          infiniplex_forest_lined_4_way
D:3:      layout_basic, uniq_terence, uniq_ijyb
D:4:      layout_gridville, grunt_temple_overflow_holy_war,
          minmay_temple_entry_crystal_x, st_stairs_7
D:5:      layout_rooms, uniq_duvessa, uniq_pikel
D:6:      lemuel_castle_with_subvaults [lemuel_castle_interior_carwin_1],
          layout_loops_ring, pdpol_wu_jian_five_deadly_venoms,
          gammafunk_ghost_grave
Temple:   dshaligram_water_room_temple

Notes
Turn   | Place    | Note
-------+----------+-------------------------------------------
     0 | D:1      | sanka the Naga Air Elementalist began the quest for the
                  | Orb.
     0 | D:1      | Reached XP level 1. HP: 15/15 MP: 3/3
    92 | D:1      | Found a faded altar of an unknown god.
    93 | D:1      | Noticed a great orb of eyes
   276 | D:1      | Reached XP level 2. HP: 19/22 MP: 0/5
   626 | D:1      | Noticed a floating eye
   887 | D:1      | Noticed an eye of devastation
   887 | D:1      | Noticed a floating eye
   970 | D:1      | Learned a level 2 spell: Static Discharge
  1115 | D:2      | Reached skill level 4 in Air Magic
  1245 | D:2      | Reached XP level 3. HP: 7/28 MP: 1/6
  2178 | D:3      | Noticed Terence
  2192 | D:3      | Killed Terence
  2193 | D:3      | Reached skill level 5 in Air Magic
  2193 | D:3      | Reached XP level 4. HP: 17/36 MP: 2/7
  2559 | D:3      | Noticed Ijyb
  2576 | D:3      | Killed Ijyb
  2628 | D:3      | Learned a level 4 spell: Airstrike
  2784 | D:3      | Reached XP level 5. HP: 42/42 MP: 4/8
  3372 | D:4      | Reached skill level 6 in Air Magic
  3482 | D:4      | Found a staircase to the Ecumenical Temple.
  3510 | Temple   | Entered the Ecumenical Temple
  3799 | D:4      | Found a glowing golden altar of the Shining One.
  3801 | D:4      | Noticed an angel
  3810 | D:4      | Found a basalt altar of Yredelemnul.
  4137 | D:4      | Reached XP level 6. HP: 23/49 MP: 0/9
  4476 | D:4      | Reached skill level 7 in Air Magic
  4784 | D:4      | Reached skill level 1 in Fighting
  4963 | D:5      | Entered Level 5 of the Dungeon
  4969 | D:5      | Noticed an ice beast
  4991 | D:4      | Reached skill level 2 in Fighting
  5250 | D:5      | HP: 5/55 [iguana (14)]
  5254 | D:4      | HP: 2/55 [/static electricity (3)]
  5255 | D:4      | Reached XP level 7. HP: 2/61 MP: 5/10
  5552 | D:5      | Reached skill level 3 in Fighting
  5639 | D:5      | Reached skill level 4 in Fighting
  6142 | D:5      | Reached skill level 5 in Fighting
  6175 | D:5      | Noticed Pikel
  6194 | D:5      | Killed Pikel
  6195 | D:5      | Reached skill level 7 in Fighting
  6195 | D:5      | Reached XP level 8. HP: 48/80 MP: 0/11
  6447 | D:5      | Identified the +2 robe of the Trout {Regen+}
  6593 | D:5      | Noticed Duvessa
  6596 | D:5      | Noticed Dowan
  6614 | D:5      | Killed Duvessa
  6615 | D:5      | Reached skill level 8 in Fighting
  6621 | D:5      | Killed Dowan
  7238 | D:6      | Found an ornate altar of the Wu Jian Council.
  7358 | D:6      | Reached skill level 8 in Air Magic
  7438 | D:6      | Reached XP level 9. HP: 88/88 MP: 12/12
  7626 | D:6      | Reached skill level 3 in Spellcasting
  8030 | D:6      | Reached skill level 4 in Spellcasting
  8130 | D:6      | Learned a level 7 spell: Storm Form
  8245 | D:6      | Reached skill level 9 in Air Magic
  8467 | D:6      | Reached skill level 10 in Air Magic
  8479 | D:6      | HP: 5/88 [orc warrior (15)]
  8480 | D:6      | Killed from afar by an orc priest

Vanquished Creatures
  Pikel (D:5)
  Duvessa (D:5)
  An ice beast (D:5)
  2 orc warriors (D:6)
  A sky beast (D:5)
  5 ogres
  2 lemures (D:5)
  A kobold brigand (D:6)
  2 scorpions
  Dowan (D:5)
  A water moccasin skeleton (D:4)
  7 wights
  3 howler monkeys (D:6)
  A bullfrog zombie (D:6)
  A centaur zombie (D:6)
  2 orc priests (D:6)
  2 hounds
  A bullfrog skeleton (D:5)
  2 gnoll shamans
  A centaur skeleton (D:5)
  2 iguanas
  5 orc wizards (D:6)
  Terence (D:3)
  A scorpion zombie (D:5)
  Ijyb (D:3)
  7 adders
  13 gnolls
  A worm (D:2)
  A dart slug (D:1)
  6 orcs
  A ball python (D:1)
  5 bats
  5 endoplasms
  A giant cockroach (D:3)
  7 goblins
  7 hobgoblins
  3 quokkas
  6 kobolds
  A rat (D:3)
112 creatures vanquished.

Vanquished Creatures (others)
  A fungus (D:6)
  5 plants
6 creatures vanquished.

Grand Total: 118 creatures vanquished
